 Dungeon Crawl Stone Soup version 0.30-a0-360-g447f08457e (webtiles) character file.

Game seed: 655705104788795155

1180 kingsuperguy the Chopper (level 8, -1/105 HPs)
             Began as a Hill Orc Fighter on Nov 13, 2022.
             Was a Priest of Qazlal.
             Slain by themarg's ghost (8 damage)
             ... on level 5 of the Dungeon on Nov 14, 2022.
             The game lasted 00:30:55 (4262 turns).

kingsuperguy the Chopper (Hill Orc Fighter)         Turns: 4262, Time: 00:30:55

Health: -1/105     AC: 24    Str: 16    XL:     8   Next: 42%
Magic:  10/12      EV:  2    Int: 12    God:    Qazlal [***...]
Gold:   348        SH:  8    Dex: 10    Spells: 12/13 levels left

rFire   . . .      SeeInvis .    y - +9 hand axe "Acarineslayer" {drain, rC++ Str-5 Int+4}
rCold   + + .      Faith    .    c - +0 buckler
rNeg    . . .      Spirit   .    (body armour currently unavailable)
rPois   +          Reflect  .    (helmet currently unavailable)
rElec   .          Harm     .    (cloak currently unavailable)
rCorr   .          Rampage  .    (gloves currently unavailable)
Will    .....      NoTele   +    (boots currently unavailable)
Stlth   +.........               (no amulet)
HPRegen 0.37/turn                (no ring)
MPRegen 0.13/turn                (no ring)

@: mighty, tree-form, attractive, very slightly contaminated, hasted, very quick
A: stationary, stasis, torment immunity, boosted hp, deterioration 1
a: Renounce Religion, Upheaval, Elemental Force


You were on level 5 of the Dungeon.
You worshipped Qazlal.
Qazlal was most pleased with you.
You were a tree.
You visited 1 branch of the dungeon, and saw 5 of its levels.
You also visited: Sewer.

You collected 348 gold pieces.

Inventory:

Hand Weapons
 a - a +0 war axe
 e - a +0 spear
 j - a +0 club
 k - a +0 short sword
 l - a +0 spear
 n - a +0 sling
 o - a +0 short sword
 r - a +0 whip
 t - a +3 short sword
 w - a +4 quarterstaff of chaos
 x - a +0 hammer
 y - the +9 hand axe "Acarineslayer" (weapon) {drain, rC++ Str-5 Int+4}
   (You found it on level 2 of the Dungeon)

   A truly terrible weapon, it drains the life of any living foe it strikes.
   Str:       It affects your strength (-5).
   Int:       It affects your intelligence (+4).
   rC:        It greatly protects you from cold.
 C - a +2 mace of protection
 H - a +0 sling
 O - a +0 vorpal flail
Missiles
 p - 39 stones (quivered)
 E - 4 atropa-tipped darts
 F - 20 poisoned darts
Armour
 b - a +0 scale mail (melded)
 c - a +0 buckler (worn)
 i - a +0 scale mail
 q - a +0 robe
 u - a scarf of shadows (melded)
 G - a +0 pair of boots (melded)
Jewellery
 N - an amulet of the acrobat
Scrolls
 f - a scroll of vulnerability {unknown}
 h - 3 scrolls of identify
 s - 6 scrolls of teleportation {unknown}
 B - a scroll of poison {unknown}
 D - 2 scrolls of amnesia {unknown}
 J - a scroll of noise {unknown}
 L - a scroll of immolation {unknown}
Potions
 d - a potion of might
 g - 2 potions of flight
 m - 2 potions of brilliance {unknown}
 v - 2 potions of berserk rage
 z - 2 potions of lignification
 I - a potion of attraction
 M - a potion of invisibility {unknown}


   Skills:
 + Level 5.6 Fighting
 + Level 7.1 Axes
 + Level 5.5 Armour
 - Level 1.7 Dodging
 - Level 0.1 Stealth
 + Level 5.0 Shields
 * Level 3.1 Spellcasting


You had 12 spell levels left.
You knew the following spells:

 Your Spells              Type           Power      Damage    Failure   Level
a - Summon Small Mammal   Summ           4%         N/A       30%         1

Your spell library contained the following spells:

 Spells                   Type           Power      Damage    Failure   Level
 Blink                    Tloc           2%         N/A       43%         2
 Sublimation of Blood     Necr           1%         N/A       43%         2
 Wereblood                Tmut           1%         N/A       43%         2
 Call Canine Familiar     Summ           1%         N/A       67%         3
 Summon Guardian Golem    Hex/Summ       1%         N/A       67%         3
 Manifold Assault         Tloc           1%         N/A       97%         4
 Storm Form               Tmut/Air       0%         N/A       100%        7
 Summon Hydra             Summ           0%         N/A       100%        7


Dungeon Overview and Level Annotations

Branches:
Dungeon (5/15)              Sewer (visited)
 Temple: D:4-7

Altars:
Qazlal

Annotations:
D:5 CoffeeSpider's ghost, weakling NaVM; Palms's ghost, novice DsNe; hgbash's ghost, amateur MiMo; pokeman's ghost, amateur DEHW; themarg's ghost, novice AtFi


Innate Abilities, Weirdness & Mutations

You are a tree.
Your roots penetrate the ground, keeping you stationary.
You cannot be teleported.
You are immune to unholy pain and torment.
Your maximum health is greatly increased.
Your equipment is partially melded.
Your body sometimes deteriorates upon taking damage.


Message History

You slash hgbash's ghost!
Hgbash's ghost is moderately damaged.
You slash themarg's ghost! Themarg's ghost barely misses you.
Hgbash's ghost hits you!
* * * LOW HITPOINT WARNING * * *
Themarg's ghost attacks as you move away!
You block themarg's ghost's attack.
CoffeeSpider's ghost whispers, "Trust me.
Just give in."
Themarg's ghost attacks as you move away!
Themarg's ghost hits you.
* * * LOW HITPOINT WARNING * * *
It was a potion of flight.
You feel very buoyant.
You fly up into the air.
You block themarg's ghost's attack.
Themarg's ghost attacks as you move away!
You block themarg's ghost's attack.
Themarg's ghost attacks as you move away!
Themarg's ghost hits you!
* * * LOW HITPOINT WARNING * * *
As you read the scroll labelled ORYFIQ DECOLE, it crumbles to dust.
It is a scroll of identify.
v - 2 potions of berserk rage Themarg's ghost hits you.
* * * LOW HITPOINT WARNING * * *
It was a potion of lignification.
You turn into a tree.
Your scarf of shadows melds into your body.
Your +0 pair of boots melds into your body.
Your +0 scale mail melds into your body.
The dungeon's light returns to normal.
Your roots penetrate the ground.
You block themarg's ghost's attack.
It was a potion of attraction.
You feel attractive to monsters. Themarg's ghost barely misses you.
It was a potion of haste.
You feel yourself speed up. You block themarg's ghost's attack.
CoffeeSpider's ghost is attracted toward you.
It was a potion of mutation.
You feel extremely strange.
You feel yourself wasting away. Themarg's ghost hits you!
You die...

...# ##....#
...# ##..#..#
...#### #..##..#
......###
##W5###.#
.#......###
#.W## #..
######....####
##W## ...
####....####
#..#
####....####W##
####.♣WWW§#
###..○##W.##
##......##.##
#.......##..#
##........##.##
#.........##..#
#.........##..#
#..........##.##
##.........##..#


You could see CoffeeSpider's ghost, Palms's ghost, hgbash's ghost, pokeman's
ghost and themarg's ghost.

Vanquished Creatures
  Edmund (D:5)
  2 black bears (D:4)
  An ogre (D:4)
  2 phantoms
  3 kobold brigands
  A necrophage (D:5)
  A scorpion (D:4)
  Crazy Yiuf (D:2)
  An orc priest (D:3)
  2 iguanas (D:4)
  An orc wizard (D:3)
  5 adders
  4 gnolls
  3 river rats
  A worm (Sewer)
  2 dart slugs (D:1)
  6 orcs
  9 endoplasms
  6 giant cockroaches
  3 goblins
  6 hobgoblins
  3 jackals (D:2)
  6 quokkas
  5 ball pythons
  5 bats
  4 frilled lizards
  19 kobolds
  9 rats
112 creatures vanquished.

Notes
Turn   | Place    | Note
-------+----------+-------------------------------------------
     0 | D:1      | kingsuperguy the Hill Orc Fighter began the quest for the
                  | Orb.
     0 | D:1      | Reached XP level 1. HP: 19/19 MP: 1/1
    69 | D:1      | Reached skill level 3 in Axes
    92 | D:1      | Reached XP level 2. HP: 24/27 MP: 2/2
   486 | D:1      | Reached XP level 3. HP: 33/33 MP: 3/3
   925 | D:2      | Found a runed translucent door.
   926 | D:2      | Noticed Crazy Yiuf
   935 | D:2      | Killed Crazy Yiuf
   936 | D:2      | Reached skill level 4 in Axes
   936 | D:2      | Reached XP level 4. HP: 39/40 MP: 4/4
  1103 | D:2      | Identified the +9 hand axe "Acarineslayer" {drain, rC++
                  | Str-5 Int+4}
  1464 | D:2      | Found a faded altar of an unknown god.
  1495 | D:2      | Prayed at the altar of an unknown god.
  1495 | D:2      | Became a worshipper of Qazlal Stormbringer
  1495 | D:2      | Reached * piety under Qazlal
  1880 | D:3      | Reached XP level 5. HP: 46/46 MP: 5/5
  1883 | D:3      | Reached skill level 5 in Axes
  1888 | D:3      | Reached skill level 1 in Dodging
  2106 | D:3      | Noticed a phantom
  2122 | D:3      | Killed a phantom
  2123 | D:3      | Reached XP level 6. HP: 51/53 MP: 6/6
  2523 | D:4      | Noticed a black bear
  2527 | D:4      | Killed a black bear
  2528 | D:4      | Reached skill level 6 in Axes
  2528 | D:4      | Reached skill level 1 in Spellcasting
  2630 | D:4      | Reached ** piety under Qazlal
  2660 | D:4      | Found a glowing drain.
  2668 | Sewer    | Entered a sewer
  2709 | Sewer    | Reached XP level 7. HP: 60/60 MP: 8/8
  3138 | D:4      | Reached skill level 5 in Fighting
  3138 | D:4      | Reached skill level 5 in Armour
  3512 | D:4      | Reached XP level 8. HP: 37/68 MP: 11/11
  3885 | D:5      | Entered Level 5 of the Dungeon
  4042 | D:5      | Noticed Edmund
  4053 | D:5      | Killed Edmund
  4054 | D:5      | Reached skill level 7 in Axes
  4164 | D:5      | Reached *** piety under Qazlal
  4165 | D:5      | Reached skill level 5 in Shields
  4168 | D:5      | Learned a level 1 spell: Summon Small Mammal
  4206 | D:5      | Found a runed translucent gate.
  4206 | D:5      | Found a runed translucent gate.
  4207 | D:5      | Found a runed translucent gate.
  4208 | D:5      | Noticed CoffeeSpider's ghost (weakling NaVM)
  4208 | D:5      | Noticed Palms's ghost (novice DsNe)
  4208 | D:5      | Noticed pokeman's ghost (amateur DEHW)
  4208 | D:5      | Noticed hgbash's ghost (amateur MiMo)
  4210 | D:5      | Noticed themarg's ghost (novice AtFi)
  4258 | D:5      | HP: 3/70 [themarg's ghost (5)]
  4262 | D:5      | Gained mutation: Your body sometimes deteriorates upon
                  | taking damage. [potion of mutation]
  4262 | D:5      | Slain by themarg's ghost

Illustrated notes

Levels and vault maps discovered:
D:1:      psy_arrival_terrarium, layout_basic
D:2:      layout_basic, ebering_ecumenical_altar_abandoned,
          uniq_crazy_yiuf_cottage
D:3:      layout_loops_ring
D:4:      layout_gridville, gup_sewer_entry_bubbles
D:5:      layout_cave_pods, gammafunk_ghost_cemetery, chequers_mini_garden,
          minmay_misc_feat_enclosed, uniq_edmund

Skill      XL: |  1  2  3  4  5  6  7  8 |
---------------+-------------------------+-----
Axes           | 3 4 5 6 7 |  7.1
Fighting       | 4 5 |  5.6
Armour         | 4 5 |  5.5
Dodging        | 1 |  1.7
Shields        | 4 5 |  5.0
Spellcasting   | 1 2 3 |  3.1
Stealth        | |  0.1

Action                   |  1- 3 |  4- 6 |  7- 9 || total
-------------------------+-------+-------+-------++-------
Melee: War axe           |    84 |    14 |       ||    98
       Hand axe          |       |    81 |    90 ||   171
 Cast: Summon Small Mamm |       |       |     1 ||     1
  Use: Potion            |       |       |     6 ||     6
       Scroll            |       |       |     1 ||     1
Armor: Scale mail        |    48 |    39 |    24 ||   111
Dodge: Dodged            |    41 |    46 |    22 ||   109
Block: Buckler           |    22 |    25 |    30 ||    77

Table legend: (Time is in decaauts)
 A = Elapsed time spent in this place.
 B = Non-inter-level travel time spent in this place.
 C = Inter-level travel time spent in this place.
 D = Time resting spent in this place.
 E = Time spent auto-exploring this place.
 F = Levels seen in this place.
 G = Mean time per level.
                   A        B        C        D        E       F      G
               +--------+--------+--------+--------+--------+-----+--------+
         Total |   4431 |   4261 |    170 |     98 |   2217 |   6 |  738.5 |
       Dungeon |   3915 |   3745 |    170 |     98 |   2094 |   5 |  783.0 |
         Sewer |    516 |    516 |      0 |      0 |    123 |   1 |  516.0 |
               +--------+--------+--------+--------+--------+-----+--------+

Top non-repeatable levels by time:
     D:4: 1047 daAuts
     D:2: 877 daAuts
     D:1: 876 daAuts
     D:3: 738 daAuts
   Sewer: 516 daAuts
     D:5: 376 daAuts
